 Dungeon Crawl Stone Soup version 0.29-a0-1033-gb6c65ffae6 (webtiles) character file.

Game seed: 3303390176307523794

447707 Sweeb the Slayer (level 24, -2/225 HPs)
             Began as a Naga Fighter on Aug 9, 2022.
             Was the Champion of the Shining One.
             Slain by a thrashing horror (8 damage)
             ... on level 3 of the Abyss on Aug 14, 2022.
             The game lasted 03:03:53 (57515 turns).

Sweeb the Slayer (Naga Fighter)                    Turns: 57515, Time: 03:03:55

Health: -2/225     AC: 30    Str: 20    XL:     24   Next: 23%
Magic:  29/42      EV: 12    Int: 16    God:    the Shining One [******]
Gold:   5800       SH: 25    Dex: 15    Spells: 43/43 levels left

rFire   + . .      SeeInvis +   u - +3 trishula (holy)
rCold   + . .      Faith    +   P - +0 kite shield {rC+}
rNeg    + + +      Spirit   .   K - +4 troll leather armour
rPois   +          Reflect  .   p - +2 helmet {SInv}
rElec   +          Harm     .   F - scarf {+Inv}
rCorr   +          Rampage  .   v - +0 pair of fencer's gloves {Riposte Dex+3}
Will    +++..                   g - +1 barding
Stlth   +.........              O - amulet of faith
HPRegen 0.00/turn               x - +4 ring of slaying
MPRegen 0.28/turn               S - ring "Dihomouxtuu" {Drain rElec rF+ rCorr MP+9}

@: divinely shielded, sick, glowing, studying Evocations, unable to read, very
slow
A: AC +8, large, see invisible, deformed body, poison resistance, slowness 2,
spit poison 1, naga tail 2, claws 1, robust 1, [clumsy 1], [deterioration 1],
[frail 2], [low MP 1], [screaming 2], ([teleportitis 1]), [inability to read
after injury 1]
}: 2/15 runes: decaying, gossamer
a: Spit Poison, Renounce Religion, Evoke Invisibility, Divine Shield, Cleansing
Flame, Summon Divine Warrior


You were on level 3 of the Abyss.
You worshipped the Shining One.
The Shining One was exalted by your worship.
You visited 10 branches of the dungeon, and saw 42 of its levels.
You visited the Abyss 3 times.
You also visited: Sewer and Ice Cave.

You collected 6896 gold pieces.
You spent 1096 gold pieces at shops.

Inventory:

Hand Weapons
 u - a +3 trishula of holy wrath (weapon)
 B - a +2 scythe of freezing
Missiles
 D - 3 throwing nets
Armour
 g - a +1 barding (worn)
 p - a +2 helmet of see invisible (worn)
 v - the +0 pair of fencer's gloves (worn) {Riposte Dex+3}
   (You found it on level 3 of the Elven Halls)

   It allows the wearer to riposte with melee weapons, swiftly retaliating
   against missed or blocked melee attacks.
   Dex:       It affects your dexterity (+3).
 F - a scarf of invisibility (worn)
 K - a +4 troll leather armour (worn)
 N - the +3 leather armour of Nuitac {rC++ rCorr MP+9 Int+4}
   (You found it on level 3 of the Vaults)

   Int:       It affects your intelligence (+4).
   rC:        It greatly protects you from cold.
   MP:        It affects your magic capacity (+9).
   rCorr:     It protects you from acid and corrosion.
 P - a +0 kite shield of cold resistance (worn)
 T - the +1 pair of gloves of Sib Aliw {rF+ Dex+3}
   (You acquired it on level 4 of the Swamp)

   Dex:       It affects your dexterity (+3).
   rF:        It protects you from fire.
 V - the +0 leather armour of Fynaf {rC+ Will+ Str+4 Dex-4}
   (You found it on level 10 of the Dungeon)

   Str:       It affects your strength (+4).
   Dex:       It affects your dexterity (-4).
   rC:        It protects you from cold.
   Will:      It increases your willpower.
Jewellery
 h - a ring of protection from cold
 q - an amulet of reflection
 x - a +4 ring of slaying (left hand)
 y - a +6 ring of strength
 z - a ring of willpower
 A - the ring "Geigimuph" {rC+ rCorr Str-4 Dex+3}
   (You found it on level 3 of the Spider Nest)

   [ring of protection from cold]

   Str:       It affects your strength (-4).
   Dex:       It affects your dexterity (+3).
   rC:        It protects you from cold.
   rCorr:     It protects you from acid and corrosion.
 E - a ring of the Octopus King {Wiz HP+2 AC+2 EV+2 SH+2}
   (You found it on level 8 of the Dungeon)

   [ring of wizardry]

   It improves your spell success rate.
   AC:        It affects your AC (+2).
   EV:        It affects your evasion (+2).
   HP:        It affects your health (+2).
   SH:        It affects your SH (+2).
 G - the ring "Bairem" {rPois Will+ Int+4}
   (You took it off a spriggan berserker on level 2 of the Depths)

   [ring of willpower]

   Int:       It affects your intelligence (+4).
   rPois:     It protects you from poison.
   Will:      It increases your willpower.
 H - a ring of positive energy
 L - the ring of the Tortoise {AC+8}
   (You took it off a frost giant on level 2 of the Depths)

   [ring of protection]

   AC:        It affects your AC (+8).
 O - an amulet of faith (around neck)
 S - the ring "Dihomouxtuu" (right hand) {Drain rElec rF+ rCorr MP+9}
   (You took it off a deep elf elementalist on level 3 of the Elven Halls)

   [ring of magical power]

   rF:        It protects you from fire.
   rElec:     It insulates you from electricity.
   MP:        It affects your magic capacity (+9).
   rCorr:     It protects you from acid and corrosion.
   Drain:     It drains your maximum health when unequipped.
 W - an amulet of regeneration
Wands
 b - a wand of digging (1)
 c - a wand of quicksilver (6)
Scrolls
 e - 4 scrolls of fear
 j - 8 scrolls of teleportation
 l - 6 scrolls of amnesia
 n - 2 scrolls of silence
 r - a scroll of poison
 t - 2 scrolls of blinking
 C - 34 scrolls of identify
 Z - a scroll of butterflies
Potions
 d - 2 potions of might
 f - 19 potions of flight
 i - 7 potions of attraction
 k - 4 potions of ambrosia
 m - 8 potions of brilliance
 o - 4 potions of curing
 s - 8 potions of cancellation
 w - a potion of haste
 I - 3 potions of mutation
 M - 4 potions of lignification
 Q - 4 potions of magic
 R - a potion of invisibility
 U - a potion of berserk rage
 X - a potion of resistance


   Skills:
 + Level 21.6 Fighting
 + Level 20.0 Polearms
 + Level 17.1 Armour
 + Level 11.6 Dodging
 - Level 15.1 Shields
 + Level 10.0 Spellcasting
 - Level 14.9 Invocations


You had 43 spell levels left.
You didn't know any spells.
Your spell library contained the following spells:

 Spells                   Type           Power      Damage    Failure   Level
 Apportation              Tloc           16%        N/A       16%         1
 Magic Dart               Conj           32%        1d4       16%         1
 Necrotise                Necr           32%        1d5       16%         1
 Summon Small Mammal      Summ           32%        N/A       16%         1
 Blink                    Tloc           16%        N/A       22%         2
 Call Imp                 Summ           8%         N/A       22%         2
 Ensorcelled Hibernation  Hex/Ice        16%        N/A       22%         2
 Passwall                 Tmut/Erth      6%         N/A       22%         2
 Poisonous Vapours        Pois/Air       16%        N/A       22%         2
 Scorch                   Fire           16%        2d6       22%         2
 Searing Ray              Conj           16%        2d5       22%         2
 Call Canine Familiar     Summ           8%         N/A       41%         3
 Gell's Gravitas          Tloc           8%         N/A       41%         3
 Mephitic Cloud           Conj/Pois/Air  8%         N/A       41%         3
 Ozocubu's Armour         Ice            8%         N/A       41%         3
 Portal Projectile        Hex/Tloc       16%        N/A       41%         3
 Swiftness                Air            8%         N/A       41%         3
 Teleport Other           Tloc           8%         N/A       41%         3
 Tukima's Dance           Hex            8%         N/A       41%         3
 Vampiric Draining        Necr           8%         2d6       41%         3
 Animate Dead             Necr           8%         N/A       83%         4
 Flame Wave               Conj/Fire      8%         2d5       83%         4
 Fulminant Prism          Conj/Hex       4%         3d6       83%         4
 Hailstorm                Conj/Ice       8%         3d4       83%         4
 Ice Form                 Ice/Tmut       8%         N/A       83%         4
 Iskenderun's Mystic Bla  Conj/Tloc      8%         2d4       83%         4
 Leda's Liquefaction      Hex/Erth       4%         N/A       83%         4
 Passage of Golubria      Tloc           8%         N/A       83%         4
 Summon Ice Beast         Ice/Summ       8%         N/A       83%         4
 Agony                    Necr           8%         N/A       99%         5
 Blade Hands              Tmut           4%         N/A       99%         5
 Borgnjor's Vile Clutch   Necr/Erth      4%         N/A       99%         5
 Fireball                 Conj/Fire      4%         3d4       99%         5
 Irradiate                Conj/Tmut      4%         3d13      99%         5
 Lee's Rapid Deconstruct  Erth           4%         3d6*      99%         5
 Manifold Assault         Tloc           8%         N/A       99%         5
 Silence                  Hex/Air        4%         N/A       99%         5
 Summon Forest            Summ/Tloc      4%         N/A       99%         5
 Summon Mana Viper        Hex/Summ       8%         N/A       99%         5
 Yara's Violent Unravell  Hex/Tmut       4%         3d4       99%         5
 Death Channel            Necr           4%         N/A       100%        6
 Dispersal                Tloc           4%         N/A       100%        6
 Eringya's Noxious Bog    Tmut/Pois      4%         N/A       100%        6
 Iron Shot                Conj/Erth      4%         9d2       100%        6
 Simulacrum               Ice/Necr       4%         N/A       100%        6
 Starburst                Conj/Fire      4%         6d3       100%        6
 Statue Form              Tmut/Erth      5%         N/A       100%        6
 Summon Cactus Giant      Summ           4%         N/A       100%        6
 Dragon Form              Tmut           4%         N/A       100%        7
 Monstrous Menagerie      Summ           4%         N/A       100%        7
 Ozocubu's Refrigeration  Ice            4%         4d8       100%        7
 Storm Form               Tmut/Air       4%         N/A       100%        7
 Summon Hydra             Summ           4%         N/A       100%        7
 Borgnjor's Revivificati  Necr           4%         N/A       100%        8
 Disjunction              Tloc           4%         N/A       100%        8
 Ignition                 Fire           4%         3d4       100%        8
 Lehudib's Crystal Spear  Conj/Erth      4%         10d3      100%        8
 Necromutation            Tmut/Necr      4%         N/A       100%        8
 Death's Door             Necr           4%         N/A       100%        9


Dungeon Overview and Level Annotations

Branches:
Dungeon (15/15)            Temple (1/1) D:4            Lair (5/5) D:10
  Swamp (4/4) Lair:2       Spider (4/4) Lair:2        Slime (1/5) Lair:4
    Orc (2/2) D:11            Elf (3/3) Orc:2        Vaults (3/5) D:13
  Crypt (0/3) Vaults:3     Depths (4/4) D:15          Sewer (visited)
  IceCv (visited)
    Zot: Depths:4

Altars:
Ashenzari
Cheibriados
Dithmenos
Elyvilon
Fedhas
Gozag
Hepliaklqana
Kikubaaqudgha
Makhleb
Nemelex Xobeh
Okawaru
Qazlal
Ru
Sif Muna
Trog
Uskayaw
Vehumet
Wu Jian
Xom
Yredelemnul
Zin
The Shining One
Lugonu

Shops:
D:1 !   D:4 *   D:5 *   D:14 ?   Orc:1 *   Orc:2 ??*(   Elf:2 ==:

Portals:
Hell: Depths:1 Depths:2 Depths:3
Abyss: Lair:5 Depths:1 Depths:3
Pandemonium: Depths:1 Depths:2
Ziggurat: Depths:2
Trove: D:13 (give 13 potions of heal wounds)

Annotations:
D:7 2 transporters, zishaf's ghost, novice DjVM
Spider:2 Roxanne
Vaults:1 2 transporters, exclusion: orange crystal statue


Innate Abilities, Weirdness & Mutations

Your serpentine skin is tough. (AC +8)
You have supernaturally acute eyesight. (SInv)
Armour fits poorly on your strangely shaped body.
Your system is resistant to poisons. (rPois)
You cover ground very slowly.
You can spit poison.
You can use your snake-like lower body to constrict enemies.
You have sharp fingernails.
You are robust. (+10% HP)
[You are clumsy. (Dex -2)]
[Your body sometimes deteriorates upon taking damage.]
[You are very frail. (-20% HP)]
[Your magical capacity is low. (-10% MP)]
[You frequently scream uncontrollably at your foes.]
[((You are occasionally teleported next to monsters.))]
[You occasionally lose the ability to read scrolls when taking damage.]


Message History

Something shouts, "Remove thy stench, thou mangled weeb-spouting haggard!"
A tentacled starspawn comes into view.
The starcursed mass shrieks in your mind.
* * * LOW HITPOINT WARNING * * *
The hellion gestures at you.
The sphere of damnation explodes!
The damnation engulfs you!!
* * * LOW HITPOINT WARNING * * *
The damnation engulfs the hellion.
The hellion completely resists.
The tentacled starspawn moves out of view.
You hear a roar!
You puncture the hellion!
The hellion convulses!
You grab the hellion.
The hellion is severely wounded.
You constrict the hellion.
A small abomination comes into view.
The hellion hits you but does no damage.
Unknown command.
You impale the hellion!!
You kill the hellion!
The Shining One accepts your kill.
The thrashing horror tramples you but does no damage.
You block the thrashing horror's attack.
Unknown command.
You puncture the thrashing horror! You grab the thrashing horror.
The thrashing horror is moderately damaged.
You constrict the thrashing horror.
You block the thrashing horror's attack. x2
A raiju comes into view.
Unknown command.
The raiju barks!
You hit the thrashing horror.
The thrashing horror is moderately damaged.
You constrict the thrashing horror.
You hear a roar!
You block the thrashing horror's attack. x2
The thrashing horror struggles to escape constriction.
An ancient zyme comes into view.
You puncture the thrashing horror!
The thrashing horror is severely damaged.
You constrict the thrashing horror. The thrashing horror tramples you!
You die...

#.# #.. * .. # ..
#.#.### #h. #X.##.### #
##X..##XX#[.. # # .#
.#..x..1.>†###..# .#
......###..## # # .#.
......X@.#......##....#
........#....##..
.#.....#.##..#. .. .
##...#..# ..#.## #.
#.....## .....# . .
#..### . ....#. . . ##.
. # #... #h . . ... ...
.. . . # #.#.


You could see a starcursed mass, an ancient zyme, a thrashing horror, a raiju
and a lurking horror.

Vanquished Creatures
  An ancient lich (Abyss:3)
  Bai Suzhen (Elf:3)
  Nikola (Spider:4)
  8 bone dragons
  2 tentacled monstrosities
  4 liches
  An Ice Fiend (Depths:3)
  A shard shrike skeleton (Abyss:3)
  4 deep elf master archers (Elf:3)
  A walking divine tome (Depths:2)
  2 acid blobs (Slime:1)
  7 tentacled starspawn
  5 tengu reavers
  A shadow dragon (Depths:3)
  A nargun (Depths:3)
  A draconian monk (Abyss:3)
  Donald (Elf:1)
  2 fenstrider witches
  A rockslime (Lair:4)
  3 fire giants
  A draconian knight (Vaults:2)
  7 emperor scorpions
  2 azure jellies
  A ghost moth (Spider:4)
  6 deep elf sorcerers
  2 frost giants (Depths:2)
  A ghost moth (shapeshifter) (Abyss:3)
  9 vault wardens
  2 iron dragons (Depths:2)
  2 orc warlords (Vaults:2)
  3 deep elf elementalists
  A balrug (Abyss:2)
  2 reapers
  A war gargoyle (Vaults:3)
  A quicksilver ooze (Slime:1)
  4 ghouls (Swamp:2)
  A spriggan defender (Depths:2)
  3 broodmothers
  23 very ugly things
  10 stone giants
  14 ironbound preservers
  3 deep elf demonologists
  5 ironbound thunderhulks
  A vampire knight (Depths:4)
  An eleionoma (Swamp:4)
  A yellow draconian (Depths:4)
  2 entropy weavers
  Nessos (Lair:3)
  3 bunyips
  2 green draconians (Depths:4)
  Azrael (D:13)
  8 deep elf annihilators
  A lorocyproca (Abyss:2)
  4 spark wasps
  A wendigo (Depths:3)
  11 dire elephants
  3 deep elf death magi (Elf:3)
  5 ettins
  A green death (Abyss:3)
  A blizzard demon (Abyss:3)
  A quicksilver dragon zombie (Abyss:3)
  A deep elf high priest (Elf:3)
  6 fire dragons
  7 yaktaur captains
  9 ice dragons
  7 great orbs of eyes
  An ogre mage (D:15)
  10 hydras
  12 ironbound frosthearts
  9 rakshasas
  5 spriggan air magi
  8 two-headed ogres
  8 vault guards
  A ghost crab (Swamp:1)
  8 boulder beetles
  A spriggan skeleton (Depths:2)
  2 radroaches
  Erica (D:11)
  14 centaur warriors
  30 dancing weapons
  3 death yaks (Lair:4)
  5 tengu warriors
  5 hell hogs (Abyss:2)
  15 alligators
  4 orc high priests
  3 vampire magi
  4 deep troll shamans
  18 thrashing horrors
  3 deep troll earth magi
  4 spriggan berserkers
  A sun demon (Abyss:2)
  9 deep elf knights
  A soul eater (Abyss:2)
  10 wretched stars
  Sonja (D:10)
  Nergalle (D:10)
  3 iron trolls (Depths:4)
  3 sixfirhies
  2 goliath frogs
  A golden dragon zombie (Depths:2)
  7 pharaoh ants
  2 spatial maelstroms
  5 spriggan druids
  4 swamp dragons
  34 deep trolls
  5 glowing orange brains
  6 orb spiders
  7 steelbarb worms
  6 bog bodies
  13 deep elf archers
  11 wizards
  A harpy (Vaults:1)
  34 large abominations
  7 necromancers
  24 deep elf zephyrmancers
  11 lindwurms
  7 orc knights
  11 ironbound convokers
  35 deep elf pyromancers
  14 wolf spiders
  A shadow dragon skeleton (Depths:2)
  7 cyclopes
  6 orc sorcerers
  6 oklob plants
  A stone giant zombie (Vaults:3)
  4 will-o-the-wisps
  A shining eye (Slime:1)
  31 ugly things
  19 elephants
  3 moths of wrath
  A stone giant skeleton (Vaults:1)
  4 worldbinders
  2 black mambas (Lair:1)
  A fire giant skeleton (Depths:2)
  A salamander (shapeshifter) (Lair:5)
  13 vault sentinels
  2 rust devils (Abyss:2)
  2 apocalypse crabs (Abyss:3)
  2 guardian serpents
  18 smoke demons
  4 orange demons
  7 torpor snails
  A cane toad (shapeshifter) (Lair:5)
  2 ice statues (IceCv)
  2 hellions
  2 rime drakes
  6 cane toads
  12 komodo dragons
  A yaktaur (shapeshifter) (Elf:2)
  7 efreet
  5 freezing wraiths
  Maggie (D:7)
  3 kobold demonologists
  3 tengu conjurers
  33 yaktaurs
  3 anaconda simulacra (IceCv)
  2 unseen horrors
  2 hellwings (Abyss:3)
  2 elf skeletons (Vaults:3)
  A golden dragon simulacrum (Depths:3)
  8 demonic crawlers
  7 ice devils
  10 ancient zymes
  2 tormentors (Abyss:3)
  A yaktaur skeleton (Vaults:3)
  9 tyrant leeches
  A troll (shapeshifter) (D:13)
  A harpy zombie (Abyss:2)
  A polar bear (Lair:2)
  8 hornets
  8 trolls
  2 polar bears (shapeshifter)
  26 blink frogs
  A slime creature (shapeshifter) (Lair:5)
  26 tarantellas
  32 raiju
  Prince Ribbit (D:7)
  2 dream sheep (Lair:5)
  34 slime creatures
  A snapping turtle (shapeshifter) (Vaults:3)
  A stone giant simulacrum (Vaults:1)
  4 wandering mushrooms
  23 jumping spiders
  37 starcursed masses (Abyss:3)
  18 culicivoras
  2 air elementals (Elf:1)
  10 flying skulls
  10 spriggans
  A vampire (D:11)
  3 dire elephant simulacra (IceCv)
  4 wraiths
  6 water elementals
  A shadow (D:11)
  37 yaks
  5 ynoxinuls
  6 fire elementals
  8 basilisks (Lair:5)
  4 fire bats
  A steam dragon (D:6)
  4 wyverns
  8 chaos spawn
  7 neqoxecs
  8 vampire mosquitoes
  6 swamp worm simulacra (Swamp:4)
  A yaktaur simulacrum (Vaults:3)
  A golden eye (shapeshifter) (D:15)
  3 spatial vortices
  37 redbacks
  A harpy simulacrum (IceCv)
  8 hell hounds
  5 acid dragons
  10 swamp worms
  3 wargs
  A glowing shapeshifter skeleton (Depths:2)
  24 water moccasins
  A floating eye (Depths:1)
  15 hydra simulacra
  4 sky beasts
  2 ice beasts
  19 orc warriors
  4 swamp drakes
  2 black bears
  A black bear (shapeshifter) (D:14)
  8 ogres
  3 boggarts
  12 wolves
  10 centaurs
  A phantom (D:5)
  3 kobold brigands
  12 bullfrogs
  A necrophage (D:5)
  3 scorpions
  4 earth elementals
  A gnoll sergeant (D:8)
  2 two-headed ogre simulacra (IceCv)
  7 wights
  10 killer bees
  An orc simulacrum (Vaults:1)
  An elephant simulacrum (IceCv)
  An electric eel (D:14)
  28 small abominations
  A crimson imp (D:13)
  A jelly (D:4)
  5 quasits
  3 hounds
  8 iron imps
  17 orc priests
  2 gnoll boudas
  4 iguanas
  20 orc wizards
  Natasha (thrice) (D:2)
  A merfolk siren (Sewer)
  12 hell rats
  A merfolk avatar (Sewer)
  Robin (D:2)
  13 gnolls
  11 adders
  A naga simulacrum (IceCv)
  4 river rats
  15 white imps
  9 ufetubi
  2 swamp drake simulacra (Swamp:4)
  A dart slug (D:5)
  39 orcs
  7 ball pythons
  4 bat zombies (D:3)
  6 endoplasms
  7 giant cockroaches
  10 goblins
  10 hobgoblins
  22 kobolds
  3 quokkas
  6 bats
  10 frilled lizards
  29 rats
  2 ballistomycete spores
  2 lurking horrors
  12 starspawn tentacles
1853 creatures vanquished.

Vanquished Creatures (collateral kills)
  A bone dragon (Abyss:3)
  3 deep elf blademasters (Elf:3)
  A tentacled starspawn (Abyss:3)
  A tengu reaver (Vaults:2)
  Agnes (Vaults:2)
  3 deep elf sorcerers (Elf:3)
  Aizul (Swamp:3)
  Louise (Swamp:3)
  2 deep elf demonologists (Elf:3)
  A deep elf annihilator (Elf:3)
  2 deep elf death magi (Elf:3)
  A fire dragon (Depths:2)
  A deep elf high priest (Elf:3)
  Josephine (D:10)
  A rakshasa (Abyss:3)
  A radroach (Spider:1)
  5 dancing weapons
  A thrashing horror (Abyss:3)
  A large abomination (Abyss:3)
  A deep elf archer (Elf:3)
  An orb spider (Spider:1)
  A deep elf zephyrmancer (Elf:3)
  A wolf spider (Spider:1)
  An elephant (Lair:5)
  A demonic crawler (Spider:1)
  A raiju (Abyss:3)
  3 tarantellas
  2 culicivoras (Spider:1)
  A small abomination (Abyss:3)
  A wraith (D:10)
  7 redbacks
  2 wargs
  A water moccasin (Lair:2)
  4 orc warriors (Orc:2)
  An ogre (Elf:3)
  2 wolves (Lair:2)
  A killer bee (D:10)
  2 starcursed masses (Abyss:3)
  3 orc wizards (Orc:2)
  8 orcs
  A kobold (D:11)
  55 ballistomycete spores
130 creatures vanquished.

Vanquished Creatures (others)
  A tentacled starspawn (Abyss:3)
  A thorn hunter (Swamp:4)
  A deep elf elementalist (Abyss:3)
  An eleionoma (Swamp:2)
  A spark wasp (Depths:4)
  A deep elf knight (Elf:1)
  An oklob plant (Lair:3)
  3 large abominations (Abyss:3)
  An ancient zyme (Abyss:3)
  2 bloated husks
  2 hornets (Swamp:2)
  A raiju (Abyss:3)
  2 slime creatures (D:14)
  An air elemental (Elf:3)
  A ynoxinul (Abyss:3)
  A yak (Lair:3)
  A spriggan (Swamp:2)
  A redback (Spider:1)
  2 swamp worms
  4 small abominations
  A starcursed mass (Abyss:3)
  A hound (D:6)
  An orc wizard (D:10)
  9 ballistomycete spores
  A bush (Lair:2)
  32 foxfires
  72 fungi
  72 plants
  31 starspawn tentacles
249 creatures vanquished.

Grand Total: 2232 creatures vanquished

Notes
Turn   | Place    | Note
-------+----------+-------------------------------------------
     0 | D:1      | Sweeb the Naga Fighter began the quest for the Orb.
     0 | D:1      | Reached XP level 1. HP: 21/21 MP: 1/1
    82 | D:1      | Reached XP level 2. HP: 22/28 MP: 2/2
   602 | D:1      | Found Teti's Distillery.
  1252 | D:1      | Reached XP level 3. HP: 34/34 MP: 3/3
  1559 | D:2      | Noticed Robin
  1566 | D:2      | Killed Robin
  1718 | D:2      | Noticed Natasha
  1724 | D:2      | Killed Natasha
  1725 | D:2      | Reached XP level 4. HP: 39/42 MP: 4/4
  1863 | D:2      | Identified the +3 war axe of Chance {venom, *Corrode rC+
                  | Int+5}
  2140 | D:2      | Noticed Natasha
  2150 | D:2      | Killed Natasha
  2454 | D:2      | Noticed Natasha
  2470 | D:2      | Killed Natasha
  2471 | D:2      | Reached XP level 5. HP: 5/50 MP: 5/5
  2942 | D:3      | Found an ancient bone altar of Kikubaaqudgha.
  3138 | D:3      | Found a faded altar of an unknown god.
  3386 | D:4      | Gained mutation: Your mind is acute. (Int +4, Str/Dex -1)
                  | [potion of mutation]
  3386 | D:4      | Gained mutation: You expend magic power (3 MP) to
                  | strengthen your wands. [potion of mutation]
  3387 | D:4      | Lost mutation: You expend magic power (3 MP) to strengthen
                  | your wands. [potion of mutation]
  3387 | D:4      | Lost mutation: Your mind is acute. (Int +4, Str/Dex -1)
                  | [potion of mutation]
  3387 | D:4      | Gained mutation: You are weak. (Str -2) [potion of
                  | mutation]
  3387 | D:4      | Gained mutation: You can exhale a cloud of poison. [potion
                  | of mutation]
  3388 | D:4      | Lost mutation: You are weak. (Str -2) [potion of mutation]
  3388 | D:4      | Lost mutation: You can exhale a cloud of poison. [potion of
                  | mutation]
  3388 | D:4      | Gained mutation: Your muscles are strong. (Str +4, Int/Dex
                  | -1) [potion of mutation]
  3414 | D:4      | Noticed a black bear
  3423 | D:4      | Killed a black bear
  3424 | D:4      | Reached skill level 4 in Fighting
  3424 | D:4      | Reached XP level 6. HP: 36/57 MP: 6/6
  3925 | D:4      | Found a staircase to the Ecumenical Temple.
  3977 | Temple   | Entered the Ecumenical Temple
  4043 | Temple   | Became a worshipper of Fedhas Madash
  4666 | D:4      | Reached XP level 7. HP: 42/66 MP: 7/7
  4789 | D:4      | Found Homuvih's General Store.
  4847 | D:4      | Found a bloodstained altar of Trog.
  4966 | D:5      | Entered Level 5 of the Dungeon
  5109 | D:5      | Reached skill level 5 in Fighting
  5165 | D:5      | Reached * piety under Fedhas
  5188 | D:5      | Found a glowing drain.
  5195 | Sewer    | Entered a sewer
  5525 | Sewer    | Reached ** piety under Fedhas
  5626 | Sewer    | Reached XP level 8. HP: 74/74 MP: 8/8
  6010 | D:5      | Found Nosycuen's Assorted Antiques.
  6087 | D:5      | Reached skill level 5 in Polearms
  6087 | D:5      | Reached skill level 5 in Shields
  6784 | D:6      | Reached skill level 5 in Armour
  6791 | D:6      | Reached skill level 6 in Fighting
  7134 | D:6      | Reached XP level 9. HP: 27/85 MP: 9/9
  7598 | D:7      | Noticed a cyclops
  7610 | D:7      | Killed a cyclops
  7735 | D:7      | Found a transporter.
  7735 | D:7      | Identified the +9 spear "Jexku" {vamp, Will+}
  7844 | D:7      | Found a transporter.
  7854 | D:7      | Identified the amulet "Tuyv" {Spirit Fragile rC+ Regen+
                  | Int+4}
  7884 | D:7      | Noticed zishaf's ghost (novice DjVM)
  8271 | D:7      | Noticed Maggie
  8282 | D:7      | Killed Maggie
  8283 | D:7      | Reached skill level 7 in Fighting
  8442 | D:7      | Noticed Prince Ribbit
  8446 | D:7      | Killed Prince Ribbit
  8841 | D:8      | Reached *** piety under Fedhas
  9103 | D:8      | Reached skill level 1 in Invocations
  9103 | D:8      | Reached XP level 10. HP: 94/94 MP: 10/10
  9295 | D:8      | Found the ring of the Octopus King
  9302 | D:8      | Identified a ring of the Octopus King {Wiz HP+2 AC+2 EV+2
                  | SH+2}
 10556 | D:9      | Reached skill level 8 in Fighting
 10559 | D:9      | Reached **** piety under Fedhas
 10870 | D:9      | Found a snail-covered altar of Cheibriados.
 10871 | D:9      | Found an iron altar of Okawaru.
 10871 | D:9      | Found a shadowy altar of Dithmenos.
 11004 | D:9      | Noticed a two-headed ogre
 11014 | D:9      | Killed a two-headed ogre
 11380 | D:10     | Entered Level 10 of the Dungeon
 11487 | D:10     | Noticed Sonja
 11498 | D:10     | Killed Sonja
 11638 | D:10     | Noticed Nergalle
 11818 | D:11     | Reached XP level 11. HP: 42/103 MP: 14/14
 12272 | D:11     | Found a staircase to the Orcish Mines.
 12360 | D:11     | Noticed Erica
 12373 | D:11     | Killed Erica
 12522 | D:11     | Noticed a two-headed ogre
 12540 | D:12     | Noticed a deep elf pyromancer
 12547 | D:12     | Killed a deep elf pyromancer
 12548 | D:12     | Reached skill level 5 in Invocations
 12562 | D:12     | Noticed a boulder beetle
 12640 | D:12     | Noticed a purple ugly thing
 12640 | D:12     | Noticed a boulder beetle
 12640 | D:12     | Noticed a cyclops
 12837 | D:11     | Reached skill level 9 in Fighting
 13000 | D:10     | Found a staircase to the Lair.
 13013 | Lair:1   | Entered Level 1 of the Lair of Beasts
 13429 | Lair:1   | You fall into a shaft and drop 1 floor!
 13436 | Lair:2   | Noticed a four-headed hydra
 13855 | Lair:2   | Reached XP level 12. HP: 113/115 MP: 16/16
 14312 | Lair:2   | Found the +8 whip "Snakebite" {venom, curare, rPois}
 14485 | Lair:2   | Reached skill level 10 in Fighting
 14668 | Lair:2   | Found a hole to the Spider Nest.
 14775 | Lair:2   | Killed a four-headed hydra
 14814 | Lair:2   | Found a staircase to the Swamp.
 15174 | Lair:2   | Reached skill level 10 in Polearms
 15446 | Lair:3   | Noticed Nessos
 15487 | Lair:3   | Reached ***** piety under Fedhas
 15568 | Lair:3   | Found a frozen archway.
 15576 | Lair:3   | Noticed a six-headed hydra
 15591 | Lair:3   | Killed a six-headed hydra
 15616 | IceCv    | Entered an ice cave
 16224 | IceCv    | Gained mutation: You can use your snake-like lower body to
                  | constrict enemies. [Naga growth]
 16224 | IceCv    | Reached XP level 13. HP: 124/124 MP: 19/19
 16572 | Lair:3   | Reached skill level 10 in Shields
 16637 | Lair:3   | Killed Nessos
 17208 | D:11     | Reached skill level 11 in Fighting
 17282 | Orc:1    | Entered Level 1 of the Orcish Mines
 17329 | Orc:1    | Reached ****** piety under Fedhas
 17406 | Orc:1    | Found Ytuysim's General Store.
 17609 | Orc:2    | Entered Level 2 of the Orcish Mines
 17683 | Orc:2    | Found a staircase to the Elven Halls.
 18507 | Orc:2    | Found Kusmiu's Magic Scroll Shop.
 18512 | Orc:2    | Found Dettodgh's Assorted Antiques.
 18528 | Orc:2    | Bought a glowing silvery potion for 28 gold pieces
 18540 | Orc:2    | Found Qocarchum's Antique Weapon Emporium.
 18542 | Orc:2    | Found Doigyani's Magic Scroll Shop.
 18574 | Orc:2    | Bought a scroll of enchant armour for 120 gold pieces
 18593 | Orc:2    | Bought a scroll of blinking for 90 gold pieces
 18593 | Orc:2    | Bought a scroll of enchant weapon for 90 gold pieces
 18593 | Orc:2    | Bought a scroll of blinking for 90 gold pieces
 18725 | D:10     | Killed Nergalle
 18836 | D:5      | Bought a potion of heal wounds for 140 gold pieces
 19198 | D:10     | Noticed Josephine
 19205 | D:10     | Killed Josephine
 19206 | D:10     | Reached XP level 14. HP: 128/135 MP: 13/21
 19221 | D:10     | Identified the +0 leather armour of Fynaf {rC+ Will+ Str+4
                  | Dex-4}
 19534 | D:12     | Found a hide-covered altar of Uskayaw.
 19633 | D:12     | Reached skill level 10 in Armour
 19633 | D:12     | Reached skill level 10 in Invocations
 20650 | Lair:4   | Reached skill level 12 in Fighting
 20747 | Lair:4   | Found a staircase to the Slime Pits.
 21396 | Lair:5   | Entered Level 5 of the Lair of Beasts
 22134 | Lair:5   | Reached XP level 15. HP: 146/146 MP: 23/23
 22226 | Lair:5   | Found a corrupted altar of Lugonu.
 22226 | Lair:5   | Found a one-way gate to the infinite horrors of the Abyss.
 23717 | D:13     | Reached skill level 13 in Fighting
 23793 | D:13     | Found a gate to the Vaults.
 24105 | D:13     | Got Gowooneg's Secrets of Minerals and the Birds
 24186 | D:13     | Noticed Azrael
 24230 | D:13     | Killed Azrael
 24740 | D:13     | Found a portal to a secret trove of treasure.
 25504 | D:14     | Found Wyss's Magic Scroll Shoppe.
 26241 | Swamp:1  | Entered Level 1 of the Swamp
 26267 | Swamp:1  | Reached XP level 16. HP: 39/142 MP: 25/25
 26885 | Swamp:1  | Reached skill level 14 in Fighting
 27066 | Swamp:1  | Noticed a fenstrider witch
 27079 | Swamp:1  | Killed a fenstrider witch
 28114 | Swamp:2  | Noticed a tentacled monstrosity
 28149 | Swamp:2  | Killed a tentacled monstrosity
 29331 | Swamp:3  | Noticed a tentacled monstrosity
 29352 | Swamp:3  | Killed a tentacled monstrosity
 29353 | Swamp:3  | Reached skill level 15 in Fighting
 29508 | Swamp:3  | Found a bloodstained altar of Trog.
 29530 | Swamp:3  | Noticed a fenstrider witch
 29544 | Swamp:3  | Killed a fenstrider witch
 29591 | Swamp:3  | Noticed Louise
 29591 | Swamp:3  | Noticed Aizul
 29605 | Swamp:3  | Killed Aizul
 29609 | Swamp:3  | Killed Louise
 29865 | Swamp:4  | Entered Level 4 of the Swamp
 30125 | Swamp:4  | Reached XP level 17. HP: 168/170 MP: 27/27
 30561 | Spider:1 | Entered Level 1 of the Spider Nest
 30702 | Spider:1 | Upgraded the game from 0.29-a0-1016-g236c7fd91e to
                  | 0.29-a0-1027-gcd8c55af63
 31367 | Elf:1    | Entered Level 1 of the Elven Halls
 31650 | Elf:1    | Paralysed by an air elemental for 1 turns
 31784 | Elf:1    | Paralysed by an air elemental for 1 turns
 31817 | Elf:1    | Noticed Donald
 31823 | Elf:1    | Reached skill level 16 in Fighting
 31829 | Elf:1    | Killed Donald
 32235 | Elf:1    | HP: 6/174 [+2 battleaxe of flaming (6)]
 32420 | Elf:1    | Identified the +6 long sword of Fedhas, Mauling {protect,
                  | rC+}
 33248 | Spider:2 | Identified Roxanne's Omnibus of Bedrock
 33248 | Spider:2 | Noticed Roxanne
 34095 | Spider:3 | Reached skill level 15 in Polearms
 34606 | Spider:3 | Identified the ring "Geigimuph" {rC+ rCorr Str-4 Dex+3}
 34930 | Spider:3 | Reached XP level 18. HP: 164/182 MP: 28/28
 35445 | Spider:4 | Entered Level 4 of the Spider Nest
 35570 | Spider:4 | Reached skill level 17 in Fighting
 35868 | Spider:4 | Noticed Nikola
 35882 | Spider:4 | Killed Nikola
 36277 | Swamp:4  | Identified a scroll of acquirement
 36277 | Swamp:4  | Acquired the +1 pair of gloves of Sib Aliw {rF+ Dex+3}
 36543 | Swamp:4  | Reached skill level 1 in Dodging
 36639 | Swamp:4  | Got a decaying rune of Zot
 37754 | Spider:4 | Got a gossamer rune of Zot
 38158 | D:15     | Entered Level 15 of the Dungeon
 38421 | D:15     | Upgraded the game from 0.29-a0-1027-gcd8c55af63 to
                  | 0.29-a0-1033-gb6c65ffae6
 38446 | D:15     | Found a staircase to the Depths.
 38734 | D:15     | Reached skill level 18 in Fighting
 39400 | Elf:2    | Reached XP level 19. HP: 174/195 MP: 30/30
 39583 | Elf:2    | Found Erocayge's Book Shop.
 39583 | Elf:2    | Found Muigit's Jewellery Shoppe.
 39588 | Elf:2    | Found Vexkang's Jewellery Shoppe.
 40011 | Elf:2    | Reached skill level 15 in Shields
 40284 | Elf:2    | Found a runed translucent gate.
 40285 | Elf:2    | Found a runed translucent gate.
 40286 | Elf:2    | Found a runed translucent gate.
 40782 | Elf:3    | Entered Level 3 of the Elven Halls
 40915 | Elf:3    | Noticed Bai Suzhen
 40936 | Elf:3    | Killed Bai Suzhen
 41272 | Elf:3    | Paralysed by an air elemental for 1 turns
 41273 | Elf:3    | Reached skill level 5 in Dodging
 41463 | Abyss:2  | Cast into level 2 of the Abyss (a deep elf sorcerer)
 41529 | Abyss:2  | Noticed a bone dragon
 41557 | Abyss:2  | Killed a bone dragon
 41571 | Abyss:2  | Reached XP level 20. HP: 205/206 MP: 31/31
 41801 | Abyss:2  | Noticed a bone dragon
 41834 | Abyss:2  | Killed a bone dragon
 42067 | Elf:3    | Escaped the Abyss
 42083 | Elf:3    | Reached skill level 19 in Fighting
 42235 | Elf:3    | Identified the +10 battleaxe of the World {vorpal, Str+4}
 42235 | Elf:3    | Identified the ring "Dihomouxtuu" {Drain rElec rF+ rCorr
                  | MP+9}
 42367 | Elf:3    | Identified the +1 scale mail of Panod {+Blink MP-9 Int+6
                  | Dex-2}
 42409 | Elf:3    | Found the +0 pair of fencer's gloves {Riposte Dex+3}
 43251 | Vaults:1 | Entered Level 1 of the Vaults
 43973 | Vaults:1 | Found a transporter.
 43973 | Vaults:1 | Found the +1 Delatra's gloves {ID++}
 43986 | Vaults:1 | Found a transporter.
 44216 | Vaults:1 | You fall into a shaft and drop 1 floor!
 44463 | Vaults:2 | Noticed Agnes
 44476 | Vaults:2 | Reached skill level 1 in Spellcasting
 44486 | Vaults:2 | Killed Agnes
 44699 | Vaults:2 | Reached skill level 15 in Armour
 45629 | Vaults:2 | Reached XP level 21. HP: 106/217 MP: 32/32
 47040 | Vaults:3 | Reached skill level 20 in Fighting
 47068 | Vaults:3 | Reached skill level 5 in Spellcasting
 47290 | Vaults:3 | Found a staircase to the Crypt.
 47290 | Vaults:3 | Found a basalt altar of Yredelemnul.
 47291 | Vaults:3 | Found an ancient bone altar of Kikubaaqudgha.
 48355 | Vaults:3 | Reached XP level 22. HP: 228/228 MP: 33/33
 48384 | Vaults:3 | Identified the +3 leather armour of Nuitac {rC++ rCorr MP+9
                  | Int+4}
 48695 | Depths:1 | Entered Level 1 of the Depths
 48825 | Depths:1 | You fall into a shaft and drop 1 floor!
 48825 | Depths:2 | Found a basalt altar of Yredelemnul.
 48905 | Depths:2 | Found a gateway to Hell.
 49121 | Depths:2 | Found a one-way gateway to a ziggurat.
 49610 | Depths:2 | Identified the ring "Bairem" {rPois Will+ Int+4}
 49911 | Depths:2 | Found a one-way gate leading to the halls of Pandemonium.
 50384 | Depths:1 | Acquired 612 gold pieces
 50559 | Depths:1 | Found a stormy altar of Qazlal.
 51106 | Depths:3 | Reached skill level 10 in Dodging
 51828 | Depths:4 | Entered Level 4 of the Depths
 52247 | Depths:3 | Reached XP level 23. HP: 171/238 MP: 35/35
 52658 | Slime:1  | Entered Level 1 of the Pits of Slime
 52772 | Slime:1  | Gained mutation: You sometimes lose your temper in combat.
                  | [a shining eye]
 52837 | Slime:1  | Paralysed by a great orb of eyes for 5 turns
 52895 | Lair:4   | Lost mutation: Your muscles are strong. (Str +4, Int/Dex
                  | -1) [potion of mutation]
 52895 | Lair:4   | Lost mutation: You sometimes lose your temper in combat.
                  | [potion of mutation]
 52895 | Lair:4   | Gained mutation: You are robust. (+10% HP) [potion of
                  | mutation]
 53119 | Orc:2    | Bought a scroll of blinking for 120 gold pieces
 53799 | D:5      | Bought a potion of mutation for 224 gold pieces
 54002 | D:14     | Bought a scroll of enchant armour for 97 gold pieces
 54002 | D:14     | Bought a scroll of enchant armour for 97 gold pieces
 54247 | Temple   | Fell from the grace of Fedhas
 54247 | Temple   | Became a worshipper of the Shining One
 54518 | Lair:5   | Voluntarily entered the Abyss.
 54592 | Abyss:2  | Found a corrupted altar of Lugonu.
 54632 | Abyss:2  | Reached * piety under the Shining One
 54758 | Abyss:2  | Reached ** piety under the Shining One
 54767 | Abyss:2  | Reached skill level 21 in Fighting
 54826 | Abyss:2  | Reached *** piety under the Shining One
 54897 | Abyss:2  | Found a corrupted altar of Lugonu.
 55063 | Abyss:2  | Gained mutation: You have sharp fingernails. [a neqoxec]
 55154 | Abyss:2  | Reached **** piety under the Shining One
 55224 | Abyss:3  | Found a corrupted altar of Lugonu.
 55337 | Abyss:3  | Reached ***** piety under the Shining One
 55727 | Abyss:3  | Found a corrupted altar of Lugonu.
 55951 | Abyss:3  | Noticed an ancient lich
 55979 | Abyss:3  | Killed an ancient lich
 55987 | Abyss:3  | Reached ****** piety under the Shining One
 56463 | Abyss:3  | Identified a +3 trishula of holy wrath (a +1 demon trident
                  | of flaming blessed by the Shining One)
 56463 | Abyss:3  | Received a gift from the Shining One
 56691 | Abyss:3  | Paralysed by accursed screaming for 1 turns
 56731 | Lair:5   | Escaped the Abyss
 56808 | Lair:5   | Voluntarily entered the Abyss.
 57062 | Abyss:3  | Reached XP level 24. HP: 273/273 MP: 33/33
 57430 | Abyss:3  | Reached skill level 10 in Spellcasting
 57510 | Abyss:3  | HP: 6/225 [hellion/damnation (25)]
 57515 | Abyss:3  | Slain by a thrashing horror

Illustrated notes

Levels and vault maps discovered:
D:1:      dpeg_arrival_arbitrary_c, layout_basic, serial_shops,
          nicolae_shop_window_shopping, nrook_mini_backslash
D:2:      layout_basic, uniq_robin, uniq_natasha
D:3:      layout_rooms, lemuel_zombie_altar_kikubaaqudgha,
          chequers_ecumenical_altar_simple_redux
D:4:      layout_loops_corners, marbit_many_paths, minmay_temple_entry_waves,
          serial_shops, shop
D:5:      layout_gridville, serial_shops, nicolae_shop_advertising_works
          [nicolae_subvault_shop_adworks], portal_sewer_entry_b
D:6:      layout_basic
D:7:      layout_gridville, gammafunk_ghost_gnarly_gnolls, enter_bailey_8,
          minmay_misc_feat_cross, uniq_prince_ribbit1, uniq_maggie
D:8:      layout_gridville
D:9:      layout_roguey, chequers_temple_overflow_statue_of_worship,
          hangedman_decor_diamond_cutter, roderic_lattice_a,
          kennysheep_cross_bottleneck
D:10:     layout_long_grid, erik_lair_orcish_takeover, uniq_josephine,
          uniq_nergalle, uniq_sonja
D:11:     layout_basic, orc_david_3, uniq_erica
D:12:     layout_loops_corners, eat_drink_and_be_merry_uskayaw
D:13:     layout_loops_ring, lightli_vaults_fourway_checkpoint, enter_trove_5,
          lightli_wizard_tower, uniq_azrael
D:14:     minmay_recursive_quarters, layout_loops_corners, serial_shops, shop,
          kennysheep_minor_cross
D:15:     hangedman_depths_entry_civil_slaughter, layout_basic
Temple:   nicolae_temple_bog_church
Lair:1:   layout_misc_corridors, serial_rivers, chequers_serial_rivers_micro_c,
          chequers_serial_rivers_small_b, chequers_serial_rivers_small_a,
          chequers_serial_rivers_micro_c, chequers_serial_rivers_room_a,
          chequers_serial_rivers_small_3, infiniplex_staircase_pool_2
Lair:2:   minmay_guarded_unrand_snakebite, layout_small_grid, swamp_mist,
          nicolae_spider_entry_tight_spaces, nicolae_volcano_entry_s_turn,
          gauntlet_entry_generic, grunt_megastairs_1
Lair:3:   layout_loops_ring, portal_ice_cave_entry_imps, uniq_nessos
Lair:4:   layout_loops_ring, slime_entry_1
Lair:5:   hellmonk_lair_end_abyssal_woods, layout_cave_pods,
          kennysheep_basilisk_garden, grunt_megastairs_3
Swamp:1:  nicolae_swamp_standing_stones, layout_falls_marsh,
          evilmike_swamp_ruin_rubble_1, swamp_pool5
Swamp:2:  layout_basic_swamp, nicolae_swamp_little_tower, swamp_pool1,
          infiniplex_staircase_pool
Swamp:3:  cheibrodos_swamp_monstrosity, layout_falls_marsh,
          nicolae_swamp_godswood, cheibrodos_swamp_pet_leeches, uniq_louise,
          uniq_aizul
Swamp:4:  swamp_icy, layout_basic_swamp
Spider:1: layout_spider_delve
Spider:2: layout_spider_delve, uniq_roxanne
Spider:3: nicolae_spider_hilbert_zone_7 [nicolae_spider_hilbert_4_sides_1_open,
          nicolae_spider_hilbert_4_sides_1_open,
          nicolae_spider_hilbert_4_sides_1_open,
          nicolae_spider_hilbert_4_sides_1_open,
          nicolae_spider_hilbert_3_sides_1_open,
          nicolae_spider_hilbert_3_sides_1_open,
          nicolae_spider_hilbert_3_sides_1_open,
          nicolae_spider_hilbert_3_sides_1_open,
          nicolae_spider_hilbert_4_sides_1_open,
          nicolae_spider_hilbert_4_sides_1_open,
          nicolae_spider_hilbert_4_sides_1_open,
          nicolae_spider_hilbert_2_sides_1_open,
          nicolae_spider_hilbert_2_sides_1_open,
          nicolae_spider_hilbert_2_sides_1_open,
          nicolae_spider_hilbert_2_sides_1_open,
          nicolae_spider_hilbert_2_sides_1_open,
          nicolae_spider_hilbert_2_sides_1_open], hellmonk_test_site,
          nicolae_spider_cling_halls
Spider:4: grunt_spider_rune_circles, uniq_nikola
Slime:1:  layout_caves
Orc:1:    layout_caves, serial_shops, nicolae_diamond_shop
Orc:2:    st_orc_elflike, layout_diamond_mine
Elf:1:    eino_elf_arrival_the_gate, layout_geoelf_diagonals,
          hangedman_elf_disciples, uniq_donald
Elf:2:    nicolae_elf_blades_splatter_lattice [nicolae_blade_tridents],
          layout_loops_corners, st_stairs_6, fake_guardian_serpent_vault,
          minmay_shop_grove
Elf:3:    minmay_elf_hall_furrowed, layout_gridlike, moated_statue,
          nicolae_twisting_strands, minivault_25_ag, uniq_bai_suzhen
Vaults:1: vaults_dpeg_diagonal, dpeg_vaults_monster_box, vaults_room_grid,
          vaults_room_fours, nicolae_vaults_shelves_hall,
          hangedman_vaults_stretched_pinwheel, gammafunk_sealed_arena,
          vaults_mumra_minichess, vaults_room_grid, layout_vaults_chaotic_city
Vaults:2: sword_in_stone, nicolae_vaults_big_ls, v_pattern_3,
          vaults_room_octagon, v_misc_2, nicolae_vaults_triangles,
          nicolae_vaults_little_squares_5, vaults_mumra_hex, v_alt_pattern_6,
          v_misc_14, vaults_dpeg_cross, layout_vaults_maze
Vaults:3: v_misc_11, minmay_crypt_entry_necro_gods, vaults_room_semicircle,
          nicolae_vaults_puzzle_piece, dpeg_vaults_hating_casters,
          grunt_vaults_diagonal, hangedman_vaults_restitches, v_rooms_3,
          vaults_mumra_chevron, nicolae_vaults_hallways_thing,
          hangedman_vaults_cutoff, hangedman_vaults_trim, vaults_dpeg_ring,
          layout_vaults_omnicross
Depths:1: layout_big_octagon, serial_glass, glass_columns_b, glass_columns_a,
          minmay_strange_pillars, minmay_strange_pillars, feat_on_display,
          due_unseen_surprise, pan_entry, abyss_entry, hell_entry,
          nicolae_qazlal_style_of_elements
Depths:2: minmay_the_grid_triangle_9x9_line_8_mashed
          [minmay_the_grid_triangle_9x9_skeleton,
          minmay_the_grid_triangle_9x9_alien,
          minmay_the_grid_triangle_9x9_corrupted_corridor,
          minmay_the_grid_triangle_9x9_dagger,
          minmay_the_grid_triangle_9x9_empty,
          minmay_the_grid_triangle_9x9_zippers_horizontal,
          minmay_the_grid_triangle_9x9_steps,
          minmay_the_grid_triangle_9x9_prize_insulated], layout_gridlike,
          enter_ziggurat_b, grunt_hell_entry_dis_old, grunt_pan_entry_spiral,
          lemuel_crystal_altar, minivault_1
Depths:3: dreamdust_isle_of_ice, layout_twisted_cross, pf_coc_iceberg,
          nrook_mini_vaults, abyss_entry, chequers_serial_rivers_room_b,
          minmay_staircase_windowed_large
Depths:4: grunt_zot_entry_alcove, layout_gridlike, hell_entry,
          serial_sigils_hangedman_gnaw, guppyfry_shop_blood, grunt_megastairs_5,
          uniq_enchantress, uniq_vv, uniq_margery
Abyss:3:  base: Bailey, base: Swamp:1, nicolae_abyss_rune_star_stuff,
          hangedman_abyss_monster_moat, lemuel_flamethrower_hall,
          grunt_abyss_rune_wretched_hive, lemuel_flamethrower_hall,
          evilmike_abyss_exit_5, base:
Spider:1

Skill      XL: |  1  2  3  4  5  6  7  8  9 10 11 12 13 14 15 16 17 18 19 20 21 22 23 24 |
---------------+-------------------------------------------------------------------------+-----
Shields        | 3 4 5 6 7 8 9 10 11 12 13 14 15 | 15.1
Armour         | 3 4 5 6 7 8 9 10 11 12 13 14 15 16 17 | 17.1
Polearms       | 3 4 6 7 8 9 10 11 12 13 14 15 16 17 18 19 20 | 20.0
Fighting       | 4 5 6 7 8 9 10 11 12 13 15 16 18 19 20 21 | 21.6
Invocations    | 1 4 6 8 9 11 12 13 14 | 14.9
Dodging        | 3 5 7 9 10 11 | 11.6
Spellcasting   | 2 5 8 9 10 | 10.0

Action                   |  1- 3 |  4- 6 |  7- 9 | 10-12 | 13-15 | 16-18 | 19-21 | 22-24 || total
-------------------------+-------+-------+-------+-------+-------+-------+-------+-------++-------
Melee: Trident           |   114 |   124 |   291 |   874 |  1387 |   849 |       |       ||  3639
       Constrict         |       |       |       |       |   210 |   263 |   253 |   263 ||   989
       Demon trident     |       |       |       |       |       |  1250 |  1625 |   769 ||  3644
       Halberd           |       |       |       |       |       |       |       |   659 ||   659
       Trishula          |       |       |       |       |       |       |       |   397 ||   397
Invok: Wall of Briars    |       |       |       |     6 |     6 |     6 |    18 |     9 ||    45
       Grow Ballistomyce |       |       |       |     2 |     5 |     2 |     9 |     1 ||    19
       Grow Oklob        |       |       |       |       |     1 |     3 |     2 |       ||     6
       Overgrow          |       |       |       |       |     1 |     1 |     4 |     3 ||     9
       Summon Divine War |       |       |       |       |       |       |       |     4 ||     4
       Divine Shield     |       |       |       |       |       |       |       |     3 ||     3
       Brand Weapon With |       |       |       |       |       |       |       |     1 ||     1
       Cleansing Flame   |       |       |       |       |       |       |       |     1 ||     1
 Abil: Spit Poison       |     7 |    16 |    22 |    37 |    14 |     3 |     1 |       ||   100
Evoke: Wand              |       |       |       |       |       |     7 |       |       ||     7
  Use: Scroll            |     8 |     8 |     8 |    10 |     5 |    16 |    12 |    10 ||    77
       Potion            |       |     5 |     2 |     8 |     6 |    23 |    16 |     5 ||    65
 Stab: Invisible         |       |       |     2 |     1 |       |     1 |       |     2 ||     6
       Sleeping          |       |       |       |     1 |       |       |       |     2 ||     3
       Distracted        |       |       |       |       |       |     2 |     1 |       ||     3
       Confused          |       |       |       |       |       |       |     2 |       ||     2
Armor: Scale mail        |    44 |    38 |    79 |       |       |       |       |       ||   161
       Steam dragon scal |       |       |     8 |    30 |       |       |       |       ||    38
       Troll leather arm |       |       |       |   165 |   389 |   800 |   474 |   717 ||  2545
Dodge: Dodged            |    26 |    48 |    54 |   235 |   201 |   379 |   338 |   505 ||  1786
Block: Buckler           |     3 |       |       |       |       |       |       |       ||     3
       Kite shield       |    25 |    65 |   212 |   726 |   908 |  1528 |   769 |   478 ||  4711
       Reflection        |       |       |     9 |     5 |    45 |    43 |    33 |       ||   135
       Other             |       |       |       |       |       |       |       |    18 ||    18
       Rpst.: Demon trident |       |       |       |       |       |       |   157 |   137 ||   294
       Halberd           |       |       |       |       |       |       |       |    61 ||    61
       Trishula          |       |       |       |       |       |       |       |    71 ||    71

Table legend: (Time is in decaauts)
 A = Elapsed time spent in this place.
 B = Non-inter-level travel time spent in this place.
 C = Inter-level travel time spent in this place.
 D = Time resting spent in this place.
 E = Time spent auto-exploring this place.
 F = Levels seen in this place.
 G = Mean time per level.
                   A        B        C        D        E       F      G
               +--------+--------+--------+--------+--------+-----+--------+
         Total |  69594 |  61235 |   8359 |   8340 |  36155 |  48 | 1449.9 |
       Dungeon |  23941 |  20204 |   3737 |   2355 |  14647 |  15 | 1596.1 |
        Temple |    155 |     85 |     70 |      0 |      0 |   1 |  155.0 |
          Lair |   8830 |   7439 |   1391 |    846 |   4606 |   5 | 1766.0 |
         Swamp |   6150 |   5380 |    770 |    800 |   3106 |   4 | 1537.5 |
   Spider Nest |   5715 |   4985 |    730 |    758 |   2540 |   4 | 1428.8 |
    Slime Pits |     98 |     98 |      0 |      0 |      0 |   1 |   98.0 |
  Orcish Mines |   2579 |   1934 |    645 |    183 |   1134 |   2 | 1289.5 |
   Elven Halls |   5969 |   5655 |    314 |   1156 |   2580 |   3 | 1989.7 |
        Vaults |   6287 |   5923 |    364 |    764 |   3420 |   3 | 2095.7 |
        Depths |   4428 |   4095 |    333 |    421 |   2457 |   4 | 1107.0 |
         Abyss |   3639 |   3639 |      0 |    580 |   1097 |   4 |  909.8 |
         Sewer |    840 |    840 |      0 |    145 |    410 |   1 |  840.0 |
      Ice Cave |    957 |    957 |      0 |    328 |    155 |   1 |  957.0 |
               +--------+--------+--------+--------+--------+-----+--------+

Top non-repeatable levels by time:
  Lair:5: 2466 daAuts
  Lair:2: 2391 daAuts
 Abyss:3: 2316 daAuts
Vaults:2: 2167 daAuts
Vaults:3: 2157 daAuts
   Elf:3: 2097 daAuts
Spider:3: 2094 daAuts
    D:11: 2041 daAuts
   Elf:2: 2030 daAuts
     D:9: 2009 daAuts
     D:4: 1998 daAuts
Vaults:1: 1963 daAuts
 Swamp:2: 1851 daAuts
     D:1: 1843 daAuts
   Elf:1: 1841 daAuts
